cohdb
Replays
Latest Replays
All Replays
Popular Replays
Top Player Replays
Match Explorer
How It Works
Community
CoH3 Stats
Reddit
Sign in to upload your games and track your stats! →
Sign in with Steam
Match 40187454
Unlisted
Match 40187454
Overview
Messages
Build Orders
End
Panzergrenadier Squad
Panzergrenadier Squad
Panzerpioneer Squad
Construct Light Support Kompanie
2.5-tonne Medical Truck
Construct Mechanized Kompanie
Panzerjäger Mechanized Group
Marder III Tank Destroyer
254 Reconnaissance Tractor
8 Rad Armored Car
Selects Panzerjäger Kommand Battlegroup
Selects Mine Fields
Selects Tank Busters
Marder III Tank Destroyer
254 Reconnaissance Tractor
Murokmakto
JaGGa
Mephswall
Bighazelnut
0
0
Comments
sign in to comment!
No comments posted yet!